[Event "Live Chess"]
[Site "Chess.com"]
[Date "2024.06.02"]
[Round "-"]
[White "megabusyman"]
[Black "Grace6363"]
[Result "1-0"]
[WhiteElo "1868"]
[BlackElo "1134"]
[TimeControl "300"]
[EndTime "5:57:25 PDT"]
[Termination "megabusyman won by resignation"]

1. e4 c5 2. Nc3 Nc6 3. f4 d6 4. Nf3 Bg4 5. Bb5 Qb6 6. Nd5 Qd8 7. c3 e6 8. Ne3 Bxf3 9. Qxf3 Be7 10. O-O Nf6 11.
d3 a6 12. Bxc6+ bxc6 13. e5 Nd5 14. c4 Nxe3 15. Qxc6+ Kf8 16. Bxe3 dxe5 17. fxe5 g6 18. Qxe6 f5 19. exf6 Qd6 20. fxe7+ 1-0

[Event "Live Chess"]
[Site "Chess.com"]
[Date "2024.06.02"]
[Round "-"]
[White "Ksenia_2013"]
[Black "bobby_jamesFischer86"]
[Result "0-1"]
[WhiteElo "967"]
[BlackElo "1634"]
[TimeControl "300"]
[EndTime "5:57:33 PDT"]
[Termination "bobby_jamesFischer86 won by checkmate"]

1. e4 c5 2. Bc4 e6 3. Nf3 d5 4. exd5 exd5 5. Bxd5 Qxd5 6. Nc3 Qd8 7. O-O Nf6 8. Qe1+ Be7 9. d3 O-O 10. Ng5 h6 11. Nh3 Bxh3 12. gxh3 Bd6 13. Bxh6 gxh6 14. Qe3 Kh7 15. Ne4 Nxe4 16. Qxe4+ f5 17. Qxb7+ Qc7 18.
Qxa8 Rg8+ 19. Kh1 Qc6+ 20. Qxc6 Nxc6 21. Rg1 Rxg1+ 22. Rxg1 Nd4 23. c3 Nf3 24. Rd1 Nxh2 25. d4 Nf3 26. dxc5 Bxc5 27. Rd7+ Kg6 28. Rc7 Bxf2 29.
Rc6+ Kg5 30. Rc4 f4 31. Rc8 Be3 32. Rh8 h5 33. Rg8+ Kh4 34. Kg2 Ng5 35. b4 f3+ 36. Kf1 Nxh3 37. c4 Nf4 38. c5 Nd5 39.
c6 Bb6 40. Rd8 Nxb4 41. Rf8 f2 42. Rf4+ Kg3 43. Rxb4 Ba5 44. Rb2 h4 45. Rxf2 h3 46.
Kg1 Bb6 47. c7 Bxc7 48. Rh2 Kh4 49. a4 a5 50. Kh1 Bxh2 51. Kxh2 Kg4 52. Kg1 Kf4 53.
Kh2 Ke4 54. Kxh3 Kd4 55. Kg3 Kc4 56. Kf2 Kb4 57. Ke2 Kxa4 58. Kd2 Kb3 59. Kc1 Ka2 60.
Kc2 a4 61. Kc3 a3 62. Kb4 Kb2 63. Ka4 a2 64. Kb4 a1=Q 65. Kb5 Qa8 66. Kb6 Qe4 67.
Ka6 Kc3 68. Ka7 Kb4 69. Ka6 Qc6+ 70. Ka7 Qb5 71. Ka8 Kc5 72. Ka7 Kc6 73. Ka8 Qb7# 0-1

[Event "Live Chess"]
[Site "Chess.com"]
[Date "2024.06.02"]
[Round "-"]
[White "AlanBstard10"]
[Black "Andriy_Yaremovych"]
[Result "0-1"]
[WhiteElo "1227"]
[BlackElo "1665"]
[TimeControl "300"]
[EndTime "5:57:37 PDT"]
[Termination "Andriy_Yaremovych won by checkmate"]

1. b4 Nf6 2. Bb2 g6 3. a3 Bg7 4. e3 b6 5. Be2 Bb7 6. Nf3 Nc6 7. O-O e6 8. Nc3 Qe7 9. Rb1 O-O-O 10. d4 d5 11. Bb5 Kb8 12. Bxc6 Bxc6 13. b5 Bb7 14. a4 Nd7 15. Qe2 f6 16. Na2 h5 17. Bc3 g5 18. Bb4 Qf7 19. c4 dxc4 20. Qxc4 g4 21. Nd2 Rc8 22. f3 f5 23. fxg4 hxg4 24.
g3 Bh6 25. Qd3 Qg6 26. Nc3 Qh5 27. Rf2 Nf6 28. a5 Nd5 29. Nxd5 Bxd5 30. axb6 cxb6 31.
Bd6+ Kb7 32. Bf4 Bxf4 33. exf4 Rc7 34. Ra1 Kb8 35. Qa3 Qe8 36. Qb4 Qd7 37. Nb3 Bb7 38.
Qa3 Bd5 39. Nd2 Bb7 40. Nb3 Ba8 41. Nd2 Qd5 42. Kf1 Qxd4 43. Rc1 Rxc1+ 44. Qxc1 Rc8 45. Qe1 Qd3+ 46. Kg1 Qxb5 47. Qxe6 Rc1+ 48. Rf1 Rxf1+ 49. Nxf1 Qc5+ 50. Qe3 Qc6 51. Qe7 Qg2# 0-1

[Event "Live Chess"]
[Site "Chess.com"]
[Date "2024.06.02"]
[Round "-"]
[White "Victor_Bondar"]
[Black "IgorSchukin"]
[Result "0-1"]
[WhiteElo "1470"]
[BlackElo "1779"]
[TimeControl "300"]
[EndTime "5:58:16 PDT"]
[Termination "IgorSchukin won by checkmate"]

1. e4 c5 2. c3 Nc6 3. d4 cxd4 4.
cxd4 d5 5. e5 Bf5 6. Nf3 e6 7.
a3 h6 8. Bd3 Nge7 9. b4 a6 10.
Bb2 Rc8 11. Nbd2 Bxd3 12. Nb3 Bc4 13. Nc5 b6 14. Nb3 Bxb3 15. Qxb3 Nf5 16. O-O Be7 17.
g4 Nh4 18. Nxh4 Bxh4 19. Qe3 O-O 20. f4 f5 21. Qh3 fxg4 22. Qxg4 Rf5 23. Rf3 Kh7 24.
Rh3 Be7 25. Rg3 g5 26. Rf1 Qf8 27. Rgf3 gxf4 28. Kh1 Qf7 29. Rxf4 Rg8 30. Qf3 Rxf4 31. Qxf4 Qxf4 32. Rxf4 Bg5 33. Rf7+ Rg7 34. Rf8 Be3 35.
h4 Bxd4 36. Bxd4 Nxd4 37. Rb8 Nf3 38. Rxb6 Rg1# 0-1

[Event "Live Chess"]
[Site "Chess.com"]
[Date "2024.06.02"]
[Round "-"]
[White "oscalik"]
[Black "SavagePawn7"]
[Result "1-0"]
[WhiteElo "2240"]
[BlackElo "678"]
[TimeControl "300"]
[EndTime "5:58:17 PDT"]
[Termination "oscalik won by resignation"]

1. e4 d5 2. exd5 Nf6 3. Nf3 Nxd5 4.
d4 g6 5. c4 Nb6 6. Nc3 Bg4 7. c5 N6d7 8. Bc4 e6 9. h3 Bxf3 10. Qxf3 f5 11. Bxe6 Qe7 12. d5 c6 13. O-O cxd5 14. Nxd5 Qxc5 15. Be3 Qd6 16. Rfe1 Kd8 17. Bg5+ Kc8 18. Rac1+ Nc6 19. Nf6 Kc7 20. Bxd7 Be7 21. Bf4 1-0

[Event "Live Chess"]
[Site "Chess.com"]
[Date "2024.06.02"]
[Round "-"]
[White "ukraineZelensky"]
[Black "MagnersCarlsberg2870"]
[Result "0-1"]
[WhiteElo "1342"]
[BlackElo "1739"]
[TimeControl "300"]
[EndTime "5:58:26 PDT"]
[Termination "MagnersCarlsberg2870 won on time"]

1. d4 Nf6 2. e3 b6 3. c4 d5 4. Nc3 e6 5. a3 Bb7 6. Nf3 Bd6 7.
Be2 O-O 8. O-O Nbd7 9. cxd5 exd5 10. b4 Ne4 11. Bb2 Qf6 12. Bd3 a6 13. Rb1 Qh6 14. h3 Ng5 15. Nxg5 Qxg5 16. Bc1 Nf6 17. e4 Qh4 18. e5 Ne4 19. exd6 Nxc3 20. Qc2 Nxb1 21. Qxb1 cxd6 22. Be3 f5 23. Bxf5 Qh5 24. Be6+ Kh8 25. Bg4 Qh4 26. Qd1 Bc8 27. Bxc8 Raxc8 28. Qb1 Rc3 29. Qb2 Rd3 30. Qe2 Rxa3 31. Qd2 a5 32.
bxa5 bxa5 33. Qb2 Rd3 34. Qb6 Qf6 35. Qxa5 Rxe3 36. Qb5 Re1 37. Qd3 Rxf1+ 38. Qxf1 Qxd4 0-1

[Event "Live Chess"]
[Site "Chess.com"]
[Date "2024.06.02"]
[Round "-"]
[White "agamilewska"]
[Black "upoe610"]
[Result "0-1"]
[WhiteElo "1769"]
[BlackElo "2130"]
[TimeControl "300"]
[EndTime "5:58:39 PDT"]
[Termination "upoe610 won by resignation"]

1. d4 Nf6 2. Nf3 c5 3. Bg5 d5 4.
Bxf6 gxf6 5. dxc5 e6 6. e4 dxe4 7. Qxd8+ Kxd8 8. Nfd2 f5 9. b4 Bg7 10. c3 Na6 11. Bxa6 bxa6 12. O-O a5 13. Rd1 Kc7 14. bxa5 Ba6 15. Na3 Be2 16. Rdc1 Bd3 17. Ndc4 Rab8 18. Nd6 Rb2 19. Nxf7 Rhb8 20. Nd6 Kc6 21. h3 Kxc5 22. Nf7 R8b7 23. Ng5 Kd6 24. Nxh7 Bh6 25. Rd1 Ke5 26.
Rxd3 exd3 27. Nc4+ Kd5 28. Nxb2 Rxb2 29. Nf6+ Kc4 30. g3 Kxc3 31. f4 Bg7 32. Nd7 Bd4+ 33. Kf1 Rf2+ 34. Ke1 d2+ 35. Kd1 Rf1+ 36. Ke2 Rxa1 0-1

[Event "Live Chess"]
[Site "Chess.com"]
[Date "2024.06.02"]
[Round "-"]
[White "friarnator"]
[Black "McCarthyStone"]
[Result "0-1"]
[WhiteElo "2210"]
[BlackElo "2480"]
[TimeControl "300"]
[EndTime "5:58:41 PDT"]
[Termination "McCarthyStone won on time"]

1. e4 e5 2. Nf3 d6 3. d4 exd4 4. Bc4 Be7 5. c3 Nf6 6. Qxd4 Nc6 7. Qd3 O-O 8. O-O Bg4 9. Nbd2 Nd7 10. h3 Bh5 11. Bb3 Nc5 12. Qe3 Nxb3 13. Nxb3 Bf6 14. Bd2 Re8 15. Rfe1 h6 16. Qd3 Bg6 17. Nbd4 d5 18.
Nxc6 bxc6 19. Qa6 dxe4 20. Nd4 Bxd4 21. cxd4 Qxd4 22. Bc3 Qb6 23. Qc4 Qb5 24. Qd4 f6 25.
Qd7 Qb6 26. Re3 c5 27. Rg3 Bf7 28. Qg4 g6 29. h4 Qc6 30. h5 g5 31. Rd1 Qe6 32. Qxe6 Bxe6 33. Bxf6 Bxa2 34. Rd7 Bf7 35. Bxg5 hxg5 36. Rxg5+ Kf8 37. h6 Re6 38. Rf5 Kg8 39.
h7+ Kxh7 40. Rfxf7+ Kg6 41. g4 Rg8 42. Rxc7 Re5 43.
Rxa7 Kg5 44. Rg7+ Rxg7 45. Rxg7+ Kf4 46. Rc7 Kxg4 47. Rg7+ Kf3 48. Rf7+ Ke2 49. Rc7 Kd3 0-1

[Event "Live Chess"]
[Site "Chess.com"]
[Date "2024.06.02"]
[Round "-"]
[White "slava_ukr"]
[Black "Konovka_Ukraine"]
[Result "1-0"]
[WhiteElo "2336"]
[BlackElo "1732"]
[TimeControl "300"]
[EndTime "5:58:49 PDT"]
[Termination "slava_ukr won by checkmate"]

1. e4 c6 2. d4 d5 3. e5 Bf5 4. g4 Bg6 5. h4 h6 6. h5 Bh7 7.
e6 Nf6 8. exf7+ Kxf7 9. Bd3 Bxd3 10. Qxd3 e6 11. f4 Nbd7 12. Nf3 c5 13. Ne5+ Nxe5 14. dxe5 Ne4 15. Nc3 c4 16. Qf3 Nxc3 17. bxc3 Qb6 18. Be3 Bc5 19. Bxc5 Qxc5 20. Qf2 Rhc8 21. Qxc5 Rxc5 22.
Rb1 b6 23. Ke2 Rf8 24. f5 Ra5 25. Rhf1 Ke7 26. Rf4 Rxa2 27. Kd2 Ra5 28. Rbf1 b5 29. f6+ gxf6 30. Rxf6 Rxf6 31. Rxf6 Ra1 32. Rxh6 a5 33. Rh7+ Kf8 34. g5 Rg1 35. g6 a4 36. Rf7+ Kg8 37. Rf6 Rg5 38. h6 a3 39. h7+ Kg7 40. Rf8 Kxg6 41.
h8=Q Rf5 42. Rg8+ Kf7 43. Qg7# 1-0

[Event "Live Chess"]
[Site "Chess.com"]
[Date "2024.06.02"]
[Round "-"]
[White "CarmelJane"]
[Black "ACM42"]
[Result "1-0"]
[WhiteElo "2004"]
[BlackElo "2213"]
[TimeControl "300"]
[EndTime "5:58:50 PDT"]
[Termination "CarmelJane won on time"]

1. e4 e6 2. d4 d5 3. Nd2 Nf6 4. e5 Nfd7 5. c3 c5 6. f4 Nc6 7. Ndf3 Qb6 8. a3 a5 9. h4 h5 10. Nh3 g6 11. Nhg5 Be7 12. b3 Ndb8 13. Be3 Na6 14.
Bd3 Bd7 15. O-O Rc8 16. Rc1 Na7 17. Qc2 a4 18. Bxg6 fxg6 19. Qxg6+ Kd8 20. Nf7+ Kc7 21. Nxh8 Rxh8 22. bxa4 Bxa4 23. Ng5 Bd7 24. Qg7 Re8 25. Rb1 Qa5 26. f5 Qxc3 27. Bf2 Bxg5 28. hxg5 exf5 29. Rfc1 Qxa3 30. dxc5 Nc6 31. Qf6 Rxe5 32. Qd6+ Kc8 33. g6 Qa2 34. g7 d4 35. Rb6 Nab4 36. Rxb4 Re8 37. Rcb1 Nxb4 38. Rxb4 Bc6 39. Qxd4 Qe2 40. Rb2 Qe7 41. Bg3 Rg8 42. Qf4 Rxg7 43. Qb8+ Kd7 44. Rd2+ Ke6 45. Re2+ Be4 46. Qe5+ Kf7 47. Qf4 Qxc5+ 48. Bf2 Qc4 49. Kh2 h4 50. Rd2 Rxg2+ 51.
Kh3 Qc3+ 52. Be3 Qg7 53. Qc7+ Kg6 54. Rd6+ Kh5 55. Qxg7 Rxg7 56. Rd5 Rg3+ 57. Kh2 Rxe3 58. Kg1 1-0

[Event "Live Chess"]
[Site "Chess.com"]
[Date "2024.06.02"]
[Round "-"]
[White "TheSmoulderingMaster"]
[Black "Queensandpawns"]
[Result "0-1"]
[WhiteElo "1764"]
[BlackElo "2285"]
[TimeControl "300"]
[EndTime "5:58:59 PDT"]
[Termination "Queensandpawns won by resignation"]

1. e4 e5 2. Nf3 Nf6 3. Bc4 Nc6 4. O-O Nxe4 5. Re1 d5 6. Bb3 Bd6 7. c3 Nf6 8. d4 e4 9. Ne5 Nxe5 10. dxe5 Bxe5 11.
Bg5 Qd6 12. Bxf6 gxf6 13. Qxd5 Bxh2+ 14. Kh1 Qxd5 15. Bxd5 Bd6 16. Bxe4 Be6 17. Bxb7 Rb8 18. Bd5 Ke7 19. b3 h5 20. Nd2 Be5 21. Bxe6 fxe6 22. Rac1 h4 23. Nc4 Bf4 24. Rcd1 Rbg8 25. Re4 h3 26. g3 Bd6 27. Nxd6 cxd6 28. c4 e5 29. Kh2 f5 30. Rh4 Rxh4 31. gxh4 Rg2+ 32. Kxh3 Rxf2 33.
h5 Rxa2 34. h6 Kf7 35. Rg1 Rb2 36. h7 Rxb3+ 37. Kh4 Rb8 38. Kh5 a5 39. Kh6 Rh8 40. Rg7+ Ke6 41. Ra7 e4 42. Rxa5 f4 43. Ra3 f3 44. c5 f2 0-1

[Event "Live Chess"]
[Site "Chess.com"]
[Date "2024.06.02"]
[Round "-"]
[White "Andriy_Yaremovych"]
[Black "Grace6363"]
[Result "1-0"]
[WhiteElo "1666"]
[BlackElo "1133"]
[TimeControl "300"]
[EndTime "5:59:13 PDT"]
[Termination "Andriy_Yaremovych won by resignation"]

1. e4 c5 2. Nc3 Nc6 3. f4 g6 4. Nf3 Bg7 5. b3 d6 6. Bb2 Bg4 7. Be2 Nd4 8. h3 Nxf3+ 9. Bxf3 Bxf3 10. Qxf3 Qb6 11. O-O-O Nf6 12. g4 O-O-O 13. Kb1 d5 14. exd5 Nxd5 15. Nxd5 Rxd5 16. Qxd5 Bxb2 17. Kxb2 Qf6+ 18.
Qe5 1-0

[Event "Live Chess"]
[Site "Chess.com"]
[Date "2024.06.02"]
[Round "-"]
[White "gobbles19"]
[Black "McFim"]
[Result "1-0"]
[WhiteElo "2248"]
[BlackElo "1733"]
[TimeControl "300"]
[EndTime "5:59:32 PDT"]
[Termination "gobbles19 won by resignation"]

1. e4 c6 2. d4 d5 3. e5 Bf5 4. h4 h5 5. c4 e6 6. Nc3 a6 7. Bd3 Bxd3 8. Qxd3 dxc4 9. Qxc4 Ne7 10. Nf3 Nf5 11. Bg5 Be7 12. Bxe7 Qxe7 13. Ne4 Nd7 14. g3 Nb6 15. Qb3 Nd5 16. Nc5 b6 17. Ne4 Rc8 18. O-O O-O 19. Rac1 Rc7 20. a3 Rfc8 21. Qd3 a5 22. Rfe1 c5 23. dxc5 bxc5 24. Nc3 Nxc3 25. Qxc3 Nd4 26. Ng5 a4 27. Ne4 Nb3 28. Rcd1 Rb8 29. Qf3 g6 30. Nf6+ Kg7 31.
Qf4 Nd4 32. Rxd4 cxd4 33. Qxd4 Rcb7 34. Re2 Qd8 35. Qxa4 Rxb2 36. Rxb2 Rxb2 37. Ne8+ Kf8 38. Nd6 Rb1+ 39. Kh2 Kg7 40. Qf4 Qc7 41. Ne8+ 1-0

[Event "Live Chess"]
[Site "Chess.com"]
[Date "2024.06.02"]
[Round "-"]
[White "davigator"]
[Black "NAZRIZ1977"]
[Result "1-0"]
[WhiteElo "2352"]
[BlackElo "2100"]
[TimeControl "300"]
[EndTime "5:59:41 PDT"]
[Termination "davigator won by checkmate"]

1. e4 c5 2. Nf3 d6 3. d4 cxd4 4.
Nxd4 Nf6 5. Nc3 g6 6. Be3 Bg7 7. f3 O-O 8. Qd2 Nc6 9. O-O-O Nxd4 10. Bxd4 Be6 11. g4 Qa5 12. a3 Rfc8 13. h4 Rab8 14. h5 b5 15. h6 Bh8 16. g5 Ne8 17. Bxh8 Kxh8 18. Nd5 Qxd2+ 19. Rxd2 Bxd5 20. exd5 b4 21. Bh3 Rc5 22. axb4 Rxb4 23. Re1 Rc7 24. Bg4 Kg8 25. Kb1 Kf8 26. b3 a5 27. Kb2 a4 28. Re3 Rcb7 29. Ka3 axb3 30. cxb3 Nc7 31. Bc8 Rb8 32. Bd7 R4b6 33.
Bc6 Nb5+ 34. Kb2 Na7 35. Ba4 Rb4 36. Ka3 R4b7 37. Rc2 Nb5+ 38. Ka2 Nd4 39. Rc4 Nf5 40. Rec3 e6 41. Rc8+ Ke7 42. R3c7+ Rxc7 43. Rxb8 Rc2+ 44.
Ka3 Rg2 45. Re8# 1-0

[Event "Live Chess"]
[Site "Chess.com"]
[Date "2024.06.02"]
[Round "-"]
[White "Pablo_dmp"]
[Black "juniortay"]
[Result "0-1"]
[WhiteElo "1993"]
[BlackElo "2352"]
[TimeControl "300"]
[EndTime "5:59:54 PDT"]
[Termination "juniortay won by resignation"]

1. e4 e5 2. Nf3 Nf6 3. d4 Nxe4 4. dxe5 Bc5 5. Be3 Bxe3 6. fxe3 d5 7. exd6 Nxd6 8. Bd3 O-O 9. Nc3 Nc6 10. O-O Bg4 11.
h3 Bh5 12. Qe1 Re8 13. e4 Bxf3 14. Rxf3 Ne5 15. Rg3 c6 16. Qe3 Qb6 17. Qxb6 axb6 18. a3 Rad8 19. Rf1 f6 20. Ne2 Kf8 21. Nf4 Ndc4 22.
Nh5 Rd7 23. Kh2 Nxd3 24. cxd3 Nxb2 25. d4 Rxe4 26. Rb3 Nc4 27. Rb4 Rdxd4 0-1

[Event "Live Chess"]
[Site "Chess.com"]
[Date "2024.06.02"]
[Round "-"]
[White "Dhaydon19"]
[Black "alicechristina"]
[Result "1-0"]
[WhiteElo "2653"]
[BlackElo "1950"]
[TimeControl "300"]
[EndTime "6:00:23 PDT"]
[Termination "Dhaydon19 won by resignation"]

1. d4 d5 2. Nf3 e6 3. g3 Nf6 4. Bg2 Be7 5. c3 O-O 6. O-O c5 7. Qc2 Nc6 8. dxc5 Bxc5 9. Nbd2 b6 10. e4 dxe4 11. Nxe4 Nxe4 12. Qxe4 Bb7 13. Ng5 g6 14. Qh4 h5 15. g4 Be7 16. gxh5 Bxg5 17. Bxg5 Qd7 18.
Bf6 Rac8 19. Rad1 Qc7 20. Qg5 1-0

[Event "Live Chess"]
[Site "Chess.com"]
[Date "2024.06.02"]
[Round "-"]
[White "nitrofish07"]
[Black "Bradfield133"]
[Result "0-1"]
[WhiteElo "2062"]
[BlackElo "1864"]
[TimeControl "300"]
[EndTime "6:00:33 PDT"]
[Termination "Bradfield133 won by resignation"]

1. d4 d6 2. c4 f5 3. Nf3 Nf6 4. Bg5 Nbd7 5. Nbd2 c6 6. Qc2 g6 7. e4 fxe4 8. Nxe4 Nxe4 9. Qxe4 Bg7 10. Bd3 c5 11. d5 Bxb2 12. Bh6 Nf6 13. Qh4 Bxa1 14. O-O Bc3 15. Rc1 Qa5 16. Bg7 Rg8 17. Bh6 Bg4 18.
Qxg4 Nxg4 0-1

[Event "Live Chess"]
[Site "Chess.com"]
[Date "2024.06.02"]
[Round "-"]
[White "PETROMICH1967"]
[Black "nffc11"]
[Result "0-1"]
[WhiteElo "1351"]
[BlackElo "1997"]
[TimeControl "300"]
[EndTime "6:00:57 PDT"]
[Termination "nffc11 won on time"]

1. e4 c6 2. d4 d5 3. Nc3 dxe4 4. Nxe4 Nd7 5. c4 Ngf6 6. Ng3 g6 7. Bd3 Bg7 8. Nf3 O-O 9. O-O Re8 10. b3 e5 11.
Nxe5 Nxe5 12. dxe5 Rxe5 13. Bb2 Re8 14. Rb1 Be6 15. Qc2 Qc7 16. a4 a5 17. Rfe1 Rad8 18. Bf1 h5 19. Rxe6 Rxe6 20. c5 Rde8 21. Qc3 h4 22. Nh1 Nh5 23. Qh3 Bxb2 24. Rxb2 Qf4 25. g3 hxg3 26. hxg3 Qe5 27. Re2 Qxc5 28. Rxe6 Rxe6 29.
Qg4 Qc3 30. Bc4 Qe1+ 31. Kh2 Rf6 32. Qc8+ Kg7 33. Qg4 Rxf2+ 34. Nxf2 Qxf2+ 35. Kh3 Qg1 36. Qf3 Nf6 0-1

[Event "Live Chess"]
[Site "Chess.com"]
[Date "2024.06.02"]
[Round "-"]
[White "BishopofWells"]
[Black "GerardATHart"]
[Result "1-0"]
[WhiteElo "1557"]
[BlackElo "1363"]
[TimeControl "300"]
[EndTime "6:01:05 PDT"]
[Termination "BishopofWells won by checkmate"]

1. d4 f5 2. c4 Nf6 3. Nc3 g6 4.
Bg5 Bg7 5. Nf3 d6 6. h3 c6 7. e3 Nbd7 8. Bd3 O-O 9. O-O Re8 10. e4 fxe4 11. Bxe4 e5 12. dxe5 Nxe5 13. Qe2 h6 14. Bxf6 Qxf6 15. Nxe5 Rxe5 16. Qd3 Bf5 17.
Rad1 Rae8 18. Bxf5 Qxf5 19. Qxd6 R5e6 20. Qa3 Be5 21. Nb1 Qf4 22. g3 Qg5 23. Rd3 Qh5 24.
Kh2 g5 25. f3 Bxg3+ 26. Kxg3 Re2 27. Rd4 Rc2 28. Qd3 Ree2 29. Rd8+ Kf7 30. Qd7+ Re7 31. Qf5+ Kg7 32. Qf8+ Kh7 33. Qg8# 1-0

[Event "Live Chess"]
[Site "Chess.com"]
[Date "2024.06.02"]
[Round "-"]
[White "ACM42"]
[Black "Andriy_Yaremovych"]
[Result "1-0"]
[WhiteElo "2214"]
[BlackElo "1665"]
[TimeControl "300"]
[EndTime "6:01:05 PDT"]
[Termination "ACM42 won by resignation"]

1. e4 b6 2. d4 Bb7 3. Bd3 Nf6 4.
Nc3 e6 5. Nf3 Bb4 6. Qe2 Bxc3+ 7.
bxc3 Nc6 8. O-O Qe7 9. e5 Nd5 10. a3 O-O-O 11. c4 f5 12. cxd5 exd5 13. Bxf5 h6 14.
Bh3 g5 15. Bf5 Kb8 16. g4 Rdf8 17. h3 Qg7 18. Qd3 1-0

[Event "Live Chess"]
[Site "Chess.com"]
[Date "2024.06.02"]
[Round "-"]
[White "slava_ukr"]
[Black "agamilewska"]
[Result "1-0"]
[WhiteElo "2337"]
[BlackElo "1768"]
[TimeControl "300"]
[EndTime "6:01:26 PDT"]
[Termination "slava_ukr won by resignation"]

1. e4 e5 2. Nf3 Bc5 3. Nxe5 Qe7 4. d4 d6 5. Nf3 Qxe4+ 6. Be2 Bb6 7. O-O Nf6 8. Bb5+ c6 9. Re1 cxb5 10. Rxe4+ Nxe4 11. Qe2 f5 12. Nbd2 O-O 13. Nxe4 fxe4 14. Qxe4 Nc6 15. Bf4 Bf5 16. Qd5+ Kh8 17. Bxd6 Rad8 18. Ng5 Bxc2 19. Nf7+ 1-0

[Event "Live Chess"]
[Site "Chess.com"]
[Date "2024.06.02"]
[Round "-"]
[White "KeithArkell"]
[Black "resipsa6"]
[Result "1-0"]
[WhiteElo "2420"]
[BlackElo "2014"]
[TimeControl "300"]
[EndTime "6:01:33 PDT"]
[Termination "KeithArkell won on time"]

1. d4 d5 2. c4 c6 3. Nf3 Nf6 4. Nc3 e6 5. cxd5 exd5 6. Qc2 Bd6 7. Bg5 O-O 8. e3 h6 9. Bh4 Nbd7 10. Bd3 Qc7 11.
O-O Re8 12. Rac1 a6 13. Bg3 Bxg3 14. hxg3 Ne4 15. Nxe4 dxe4 16. Bxe4 Nf6 17. Bf5 Bxf5 18. Qxf5 Qb6 19. Rc2 Rad8 20. Rfc1 Qb4 21. a3 Qd6 22.
b4 Nd5 23. Ne5 Qe7 24. Nd3 Nxe3 25. fxe3 Qxe3+ 26. Nf2 Rd5 27. Qf3 Qe6 28. Rd2 Rf5 29. Qd3 Rh5 30. Rf1 a5 31. Nh3 Qd6 32. Nf4 Rg5 33.
Re2 Rxe2 34. Nxe2 axb4 35. axb4 Qxb4 36. Qe4 Qc4 37. Qe8+ Kh7 38. Rxf7 Qd3 39. Rf3 Qd1+ 40. Kf2 Qa4 41. Qe4+ Kg8 42. Qe6+ Kh7 43. Qe4+ Kg8 44. Rf5 Rxf5+ 45. Qxf5 Qc4 46. Qe5 Qc2 47. Ke3 1-0

[Event "Live Chess"]
[Site "Chess.com"]
[Date "2024.06.02"]
[Round "-"]
[White "Crowded_House"]
[Black "ProfPoisson"]
[Result "1/2-1/2"]
[WhiteElo "1632"]
[BlackElo "1320"]
[TimeControl "300"]
[EndTime "6:01:50 PDT"]
[Termination "Game drawn - timeout vs insufficient material"]

1. d4 e6 2. Nf3 f5 3. Bg5 Nf6 4.
e3 Be7 5. c4 Ne4 6. Bxe7 Qxe7 7. Nbd2 O-O 8. Bd3 Nxd2 9. Qxd2 d6 10. O-O Nd7 11. Rfe1 e5 12. dxe5 dxe5 13. Bc2 e4 14.
Qd5+ Kh8 15. Nd4 Nb6 16. Qb5 Rf6 17. Bb3 Rh6 18. h3 Qg5 19. Kf1 Bd7 20. Qe5 c6 21.
c5 Re8 22. Qg3 Qxg3 23. fxg3 Nd5 24. Bxd5 cxd5 25. b4 g5 26. Rad1 f4 27. gxf4 g4 28. hxg4 Bxg4 29. Rd2 Rh1+ 30. Kf2 Rh2 31. Rc2 Rg8 32.
Rcc1 Bh3 33. Rg1 Bxg2 34. Ke1 Bh3 35. Rxg8+ Kxg8 36. c6 Rh1+ 37. Kd2 Rxc1 38. Kxc1 bxc6 39. Nxc6 h5 40. Ne7+ Kf7 41. Nxd5 Bf1 42. Nc3 h4 43. Nxe4 h3 44. Ng3 h2 45. Kd2 Bc4 46. a3 Bd5 47. e4 Bxe4 48. Ke3 h1=Q 49. Nxh1 Bxh1 50. Kd4 Kf6 51. a4 Kf5 52. Ke3 Bd5 53. a5 Bc4 54.
Kd4 Bb5 55. Ke3 a6 56. Kf3 Bc4 57. Kg3 Bb5 58. Kf3 Bc4 59. Kf2 Bb5 60. Ke3 Bc4 61. Kd4 Bb5 62. Kc5 Bc4 63. Kb6 Bb5 64. Kc5 Kxf4 65. Kd6 Ke4 66. Ke7 Kd4 67. Kf6 Kc4 68.
Ke5 Kxb4 69. Ke4 Kxa5 70. Ke3 Kb4 71. Kd2 1/2-1/2

[Event "Live Chess"]
[Site "Chess.com"]
[Date "2024.06.02"]
[Round "-"]
[White "BostonStrangler"]
[Black "grillage"]
[Result "1-0"]
[WhiteElo "2130"]
[BlackElo "1862"]
[TimeControl "300"]
[EndTime "6:02:11 PDT"]
[Termination "BostonStrangler won by resignation"]

1. e4 d5 2. d4 e6 3. e5 c5 4. c3 Nc6 5. Nf3 Bd7 6. a3 Nge7 7. b4 cxd4 8. cxd4 Nf5 9. h4 Qb6 10. Be3 Rc8 11. g4 Nxe3 12. fxe3 Be7 13. Nbd2 f6 14. exf6 Bxf6 15. g5 Be7 16. Bd3 Bd6 17. b5 Bg3+ 18. Ke2 Na5 19. a4 O-O 20. Rg1 Bb8 21. Qb1 g6 22. Bxg6 hxg6 23. Qxg6+ Kh8 24. Qh6+ Kg8 25.
g6 Rf5 26. Qh7+ Kf8 27. g7+ Ke7 28. g8=Q+ Kd6 29. Qxd7+ Kxd7 30. Rg7+ Kd6 31. Qxc8 1-0

[Event "Live Chess"]
[Site "Chess.com"]
[Date "2024.06.02"]
[Round "-"]
[White "GMMickeyAdams"]
[Black "gmnorfolk"]
[Result "1-0"]
[WhiteElo "2800"]
[BlackElo "2141"]
[TimeControl "300"]
[EndTime "6:02:14 PDT"]
[Termination "GMMickeyAdams won on time"]

1. d4 Nf6 2. Bg5 d5 3. e3 c5 4. Bxf6 gxf6 5. dxc5 Nc6 6. Nf3 e6 7. Be2 Bxc5 8. O-O O-O 9. c4 dxc4 10. Nbd2 c3 11.
bxc3 Bd7 12. Nd4 Rc8 13. Bf3 Qe7 14. Ne4 f5 15. Nxc5 Qxc5 16. Nxf5 Qxf5 17. Qxd7 Ne5 18. Qxb7 Nxf3+ 19. Qxf3 Qxf3 20. gxf3 Rxc3 21. Rfd1 Rfc8 22. Rd7 R8c7 23. Rad1 Rxd7 24. Rxd7 a5 25. a4 Rc4 26.
Rd4 Rc2 27. Rg4+ Kf8 28. Kg2 Rb2 29. Kg3 Rb4 30. Rd4 Ke7 31. Kf4 Rb2 32. h4 Rxf2 33. Rc4 Rh2 34. Kg5 Rh3 35. Kg4 Rh2 36. Rc5 f5+ 37.
Kg5 Rg2+ 38. Kh6 Rg3 39. Rxa5 Rxf3 40. Ra7+ Kf6 41. a5 Rxe3 42. a6 Ra3 43. Ra8 Kf7 44. Kg5 Kg7 45. Ra7+ Kf8 46. Kf6 Ke8 47. Kxe6 Kf8 48.
Kxf5 h5 49. Kf6 Kg8 50. Kg6 Kf8 51. Kxh5 Rg3 52. Rb7 1-0

[Event "Live Chess"]
[Site "Chess.com"]
[Date "2024.06.02"]
[Round "-"]
[White "GEMdzq"]
[Black "FlyingChessKestrel13"]
[Result "1-0"]
[WhiteElo "2296"]
[BlackElo "2082"]
[TimeControl "300"]
[EndTime "6:02:19 PDT"]
[Termination "GEMdzq won by resignation"]

1. e4 c5 2. d4 cxd4 3. c3 dxc3 4.
Nxc3 Nc6 5. Bc4 e6 6. Nf3 Be7 7. O-O d6 8. Qe2 a6 9. Rd1 Qc7 10. Bf4 Nf6 11. Rac1 O-O 12. Bb3 e5 13. Bg5 Be6 14.
Nd5 Qd8 15. Bxf6 Bxf6 16. Nxf6+ Qxf6 17. Rxd6 Rfe8 18. h3 Qe7 19. Rcd1 Bxb3 20. Rd7 Nd4 21. Nxd4 Qxd7 22. Nxb3 Qe6 23. Nc5 Qc6 24. b4 Rad8 25. Rc1 b6 26. Qxa6 Ra8 27. Qb7 Qxb7 28. Nxb7 Rxa2 29.
Rc6 b5 30. Rc5 Rb8 31. Nd6 Rb2 32. Nxb5 Rxb4 33. Nd6 Rd4 34. Rc6 g6 35. f3 Rb1+ 36. Kh2 Rb2 37. Rc8+ Kg7 38. Ne8+ Kh6 39. Nf6 Rdd2 40.
Ng4+ Kg5 41. Ne3 f5 42. exf5 gxf5 43. Rg8+ Kh6 44. Nxf5+ Kh5 45. h4 h6 46. Kh3 Rxg2 47. Rxg2 Rxg2 48. Kxg2 e4 49. fxe4 Kg4 50. Nxh6+ Kf4 51.
Kh3 Kxe4 52. Kg4 Ke5 53. Kg5 Ke6 54. Kg6 Ke7 1-0

[Event "Live Chess"]
[Site "Chess.com"]
[Date "2024.06.02"]
[Round "-"]
[White "Ninifu"]
[Black "LL220284LL"]
[Result "0-1"]
[WhiteElo "2007"]
[BlackElo "2496"]
[TimeControl "300"]
[EndTime "6:02:20 PDT"]
[Termination "LL220284LL won on time"]

1. d4 c6 2. c4 g6 3. e4 Bg7 4. Nc3 Qa5 5. f4 d6 6. Nf3 Nd7 7. Bd2 Qc7 8. Bd3 e6 9. O-O Ne7 10. e5 dxe5 11. dxe5 b6 12. Ne4 O-O 13. b4 a5 14. a3 Bb7 15. Nd6 Nc8 16. Nxb7 Qxb7 17.
Be4 axb4 18. axb4 Rxa1 19. Qxa1 Qc7 20. Nd4 Nxe5 21. fxe5 Qxe5 22. Bxc6 Qxd4+ 23. Qxd4 Bxd4+ 24. Kh1 Ne7 25. Bb5 f5 26. Bg5 Kf7 27. Rd1 e5 28. Rd2 Rc8 29. Ra2 Rc7 30. Ra8 e4 31. c5 bxc5 32.
Bc4+ Kg7 33. Re8 Bf6 0-1